 Dungeon Crawl Stone Soup version 0.30-a0-222-ge547ba4400 (webtiles) character file.

Game seed: 17253477557399535684

2396 qw the Cleaver (level 9, -4/57 HPs)
             Began as a Gargoyle Fighter on Oct 8, 2022.
             Was an Initiate of Okawaru.
             Shot with a sling bullet by Joseph (16 damage)
             ... on level 8 of the Dungeon.
             The game lasted 00:02:51 (6763 turns).

qw the Cleaver (Gargoyle Fighter)                   Turns: 6763, Time: 00:02:51

Health: -4/57      AC: 20    Str: 20 (23) XL:     9   Next: 46%
Magic:  8/8        EV:  3    Int:  7 (8)  God:    Okawaru [......]
Gold:   459        SH:  6    Dex: 11 (13) Spells: 8/8 levels left

rFire   . . .      SeeInvis .    Y - +1 war axe (venom)
rCold   . . .      Faith    .    b - +2 buckler
rNeg    + . .      Spirit   .    t - +0 plate armour
rPois   inf        Reflect  .    (no helmet)
rElec   +          Harm     .    (no cloak)
rCorr   .          Rampage  .    q - +1 pair of gloves
Will    +....                    (no boots)
Stlth   ..........               l - amulet of regeneration
HPRegen 1.09/turn                j - ring of willpower
MPRegen 0.11/turn                (no ring)

@: grasped by roots, constricted
A: sickness immunity, AC +6, negative energy resistance 1, electricity
resistance, torment resistance 1, petrification resistance, agile 1, low MP 1
a: Renounce Religion


You were on level 8 of the Dungeon.
You worshipped Okawaru.
Okawaru was noncommittal.
You visited 2 branches of the dungeon, and saw 9 of its levels.

You collected 459 gold pieces.


Innate Abilities, Weirdness & Mutations

You are immune to sickness and miasma.
Your stone body is resilient. (AC +6)
You are immune to poison.
You resist negative energy. (rN+)
You are resistant to electric shocks. (rElec)
You are resistant to unholy torment.
You are immune to petrification.
You are agile. (Dex +4, Str/Int -1)
Your magical capacity is low. (-10% MP)


   Skills:
 - Level 7.0 Fighting
 - Level 9.0 Axes
 - Level 1.9 Throwing
 + Level 5.1 Armour
 - Level 2.0 Dodging
 - Level 4.0 Shields


You had 8 spell levels left.
You didn't know any spells.
Your spell library was empty.

Inventory:

Hand Weapons
 o - a +0 morningstar
 p - the +6 flail "Norph" {drain, SInv}
   (You found it on level 3 of the Dungeon)

   A truly terrible weapon, it drains the life of any living foe it strikes.
   SInv:      It lets you see invisible.
 Y - a +1 war axe of venom (weapon)
Missiles
 g - 11 boomerangs (quivered)
Armour
 b - a +2 buckler (worn)
 q - a +1 pair of gloves (worn)
 t - a +0 plate armour (worn)
Jewellery
 j - a ring of willpower (left hand)
 l - an amulet of regeneration (around neck)
 n - a ring of fire
Wands
 i - a wand of digging (4)
Scrolls
 r - 2 scrolls of teleportation
 v - 5 scrolls of identify
Potions
 a - a potion of cancellation
 c - a potion of heal wounds
 d - 2 potions of might
 e - 3 potions of resistance
 f - 5 potions of curing
 h - a potion of attraction
 k - a potion of lignification
 m - a potion of mutation

Dungeon Overview and Level Annotations

Branches:
Dungeon (8/15)             Temple (1/1) D:7            Lair (0/5) D:8

Altars:
Ashenzari
Cheibriados
Dithmenos
Elyvilon
Gozag
Hepliaklqana
Makhleb
Nemelex Xobeh
Okawaru
Qazlal
Sif Muna
Trog
Uskayaw
Xom
Yredelemnul
Zin
The Shining One

Shops:
D:8 [

Annotations:
D:3 1 runed translucent door, Crazy Yiuf
D:8 Joseph


Message History

HP restored.
Joseph zaps a wand.
The roots erupt in riotous growth!
The grasping roots grab you! The grasping roots constrict you.
You hear an angry hiss.
You hear a shout! x5
Joseph shoots a sling bullet.
The sling bullet hits you! The sling bullet burns you.
The grasping roots constrict you.
Joseph shoots a sling bullet.
You block the sling bullet. The grasping roots constrict you.
The grasping roots release their grip on you.
6757 ||| FLEEEEING.
Joseph shoots a sling bullet.
The sling bullet hits you! The sling bullet burns you.
6758 ||| FLEEEEING.
Joseph shoots a sling bullet.
You block the sling bullet.
6759 ||| FLEEEEING.
A lava snake comes into view.
The lava snake hisses angrily.
Joseph zaps a wand.
The roots erupt in riotous growth!
The grasping roots grab you! The grasping roots constrict you.
The roots grasp on you weakens, but your attempt to escape fails.
Joseph shoots a sling bullet.
The sling bullet hits you. The sling bullet burns you.
The grasping roots constrict you.
You escape the roots grasp.
A gnoll comes into view. It is wielding a +0 spear.
The gnoll shouts!
Joseph zaps a wand.
The roots erupt in riotous growth!
The grasping roots grab you! The grasping roots constrict you.
You hear a shout!
You escape the roots grasp.
Joseph zaps a wand.
The roots erupt in riotous growth!
The grasping roots grab you!
The lava snake is unaffected.
The grasping roots constrict you.
You hear a shout!
You closely miss the lava snake. The lava snake spits lava at you.
The glob of lava hits you!
Joseph shoots a sling bullet.
The sling bullet hits you!
You die...

....#...........
....#.............######
........................
.................~~¤~~¤~
....#............¤......
#...#............~.¤¤~~~
##...............~.~.....
#####..<#.#......S¤¤.~~~.
.###?.#####.....@~.~.~\~.
...!..#####......~.¤...~¤
.................~.~~~~~¤
.......##........~@......
........##.......~~¤¤~~¤~
.........#...............
.................~~~¤¤~~¤
........[..........g.....
................[...#....


You could see Joseph, a lava snake (catching breath) and a gnoll.

Vanquished Creatures
  Sigmund (D:3)
  A steam dragon (D:6)
  Edmund (D:4)
  A water moccasin (D:7)
  4 ice beasts
  2 black bears
  An orc warrior (D:7)
  A phantom (D:5)
  A bullfrog (D:7)
  A kobold brigand (D:7)
  A gnoll sergeant (D:7)
  A necrophage (D:7)
  A scorpion (D:6)
  A wight (D:7)
  2 electric eels (D:7)
  A lava snake (D:8)
  5 hounds
  3 orc priests
  4 jellies
  An iguana (D:5)
  2 orc wizards (D:6)
  Terence (D:3)
  A gnoll (D:5)
  11 adders
  A shadow imp (D:5)
  A white imp (D:5)
  An ufetubus (D:7)
  2 worms
  4 dart slugs
  26 orcs
  7 ball pythons
  8 endoplasms
  3 giant cockroaches
  9 goblins
  12 hobgoblins
  4 jackals
  6 quokkas
  3 bats
  5 frilled lizards
  7 kobolds
  3 rats
151 creatures vanquished.

Vanquished Creatures (others)
  An orc (D:7)
  3 plants (D:7)
4 creatures vanquished.

Grand Total: 155 creatures vanquished

Notes
Turn   | Place    | Note
-------+----------+-------------------------------------------
     0 | D:1      | qw the Gargoyle Fighter began the quest for the Orb.
     0 | D:1      | Reached XP level 1. HP: 14/14 MP: 1/1
     0 | D:1      | 0 ||| qw: Version: 0.2-a-17-g06abaee
     0 | D:1      | 0 ||| qw: Game counter: 2023
     0 | D:1      | 0 ||| qw: Always use a shield: true
     0 | D:1      | 0 ||| qw: God list: Okawaru
     0 | D:1      | 0 ||| qw: Allow faded altars: false
     0 | D:1      | 0 ||| qw: Do Orc after D:15 true
     0 | D:1      | 0 ||| qw: Do second Lair branch before Depths: true
     0 | D:1      | 0 ||| qw: Lair rune preference: random
     0 | D:1      | 0 ||| qw: Plans: Normal, Zot:1-4, God:TSO, Crypt, Tomb,
                  | Pan, Slime:5, Hells, Abyss, Orb
     0 | D:1      | 0 ||| PLANNING D:1-11
    69 | D:1      | Reached skill level 2 in Axes
   208 | D:1      | 208 ||| Stepping ~*~*~tactically~*~*~ (hiding).
   215 | D:1      | Reached XP level 2. HP: 18/19 MP: 2/2
   397 | D:1      | 397 ||| Stepping ~*~*~tactically~*~*~ (stealth).
   398 | D:1      | 398 ||| Stepping ~*~*~tactically~*~*~ (stealth).
   539 | D:1      | 539 ||| Stepping ~*~*~tactically~*~*~ (stealth).
   545 | D:1      | 545 ||| Stepping ~*~*~tactically~*~*~ (stealth).
   575 | D:1      | Reached skill level 3 in Axes
   577 | D:1      | Reached XP level 3. HP: 21/23 MP: 3/3
  1034 | D:1      | 1034 ||| Stepping ~*~*~tactically~*~*~ (hiding).
  1067 | D:1      | 1067 ||| DROPPING +0 club.
  1104 | D:1      | 1104 ||| READING scroll labelled ADUMONAANO.
  1108 | D:1      | 1108 ||| READING scroll labelled KIBU HIUGRI.
  1152 | D:2      | Found a faded altar of an unknown god.
  1188 | D:2      | Reached XP level 4. HP: 28/28 MP: 4/4
  1268 | D:2      | Reached skill level 4 in Axes
  1337 | D:2      | Found a bloodstained altar of Trog.
  1656 | D:2      | 1656 ||| DROPPING +6 ring of intelligence.
  1657 | D:2      | 1657 ||| READING scroll labelled XIEM HITIMIGA.
  1658 | D:2      | 1658 ||| DRINKING 2 blue potions.
  1659 | D:2      | 1659 ||| DRINKING 2 sedimented grey potions.
  1659 | D:2      | Gained mutation: Your magical capacity is low. (-10% MP)
                  | [potion of mutation]
  1659 | D:2      | Gained mutation: You are agile. (Dex +4, Str/Int -1)
                  | [potion of mutation]
  1764 | D:3      | 1764 ||| Stepping ~*~*~tactically~*~*~ (stealth).
  1768 | D:3      | Reached skill level 1 in Dodging
  1777 | D:3      | Reached XP level 5. HP: 32/32 MP: 4/4
  1785 | D:3      | 1785 ||| DROPPING +1 vorpal mace.
  2031 | D:3      | Identified the +6 flail "Norph" {drain, SInv}
  2182 | D:3      | Noticed Terence
  2196 | D:3      | Killed Terence
  2293 | D:3      | Found a runed translucent door.
  2294 | D:3      | Noticed Crazy Yiuf
  2381 | D:3      | Noticed Sigmund
  2390 | D:3      | Killed Sigmund
  2391 | D:3      | Reached skill level 6 in Axes
  2391 | D:3      | Reached XP level 6. HP: 20/37 MP: 5/5
  2589 | D:3      | 2589 ||| UPGRADING to +0 chain mail.
  2599 | D:3      | 2599 ||| DROPPING +0 scale mail.
  2600 | D:3      | 2600 ||| UPGRADING to ring of willpower.
  2601 | D:3      | 2601 ||| DROPPING ring of wizardry.
  2602 | D:3      | 2602 ||| DROPPING ring of magical power.
  2603 | D:3      | 2603 ||| READING scroll labelled ABITE ABYOCWI.
  2604 | D:3      | 2604 ||| READING 2 scrolls labelled FUWILA BEAMM.
  2605 | D:3      | 2605 ||| READING 2 scrolls labelled AROFUNEANA.
  2606 | D:3      | 2606 ||| READING scroll labelled IKYOPUB NIREOXT.
  2607 | D:3      | 2607 ||| DRINKING 2 puce potions.
  2608 | D:3      | 2608 ||| DRINKING 2 silvery potions.
  2609 | D:3      | 2609 ||| DRINKING 2 dark potions.
  2610 | D:3      | 2610 ||| READING 2 scrolls of identify.
  2610 | D:3      | 2610 ||| IDENTIFYING purple potion
  2611 | D:3      | 2611 ||| DROPPING potion of brilliance.
  2612 | D:3      | 2612 ||| DROPPING potion of flight.
  2613 | D:3      | 2613 ||| DROPPING scroll of fear.
  2614 | D:3      | 2614 ||| DROPPING scroll of fog.
  2655 | D:4      | 2655 ||| STAIRDANCE
  2735 | D:4      | 2735 ||| STAIRDANCE
  2816 | D:4      | 2816 ||| STAIRDANCE
  2895 | D:4      | 2895 ||| STAIRDANCE
  2992 | D:4      | 2992 ||| STAIRDANCE
  3035 | D:3      | 3035 ||| READING 2 scrolls labelled CEZEIWK XASINKES.
  3036 | D:3      | 3036 ||| DROPPING scroll of immolation.
  3308 | D:4      | Noticed Edmund
  3330 | D:4      | HP: 7/38 [Edmund/+0 flail of draining (8)]
  3331 | D:4      | 3331 ||| READING scroll of teleportation.
  3332 | D:4      | 3332 ||| DRINKING potion of heal wounds.
  3396 | D:4      | Found a basalt altar of Yredelemnul.
  3501 | D:4      | HP: 7/38 [Edmund/+0 flail of draining (7)]
  3502 | D:4      | 3502 ||| Stepping ~*~*~tactically~*~*~ (stealth).
  3503 | D:4      | 3503 ||| Stepping ~*~*~tactically~*~*~ (stealth).
  3504 | D:4      | 3504 ||| DRINKING potion of heal wounds.
  3506 | D:4      | Killed Edmund
  3507 | D:4      | Reached XP level 7. HP: 32/43 MP: 6/6
  3519 | D:4      | 3519 ||| FLEEEEING.
  3522 | D:4      | 3522 ||| FLEEEEING.
  3624 | D:4      | 3624 ||| Stepping ~*~*~tactically~*~*~ (hiding).
  3800 | D:4      | Found a broken altar of Ashenzari.
  3894 | D:4      | 3894 ||| Stepping ~*~*~tactically~*~*~ (stealth).
  4350 | D:4      | 4350 ||| UPGRADING to +2 buckler.
  4360 | D:4      | 4360 ||| DROPPING +0 buckler.
  4361 | D:4      | 4361 ||| UPGRADING to +0 pair of gloves.
  4366 | D:4      | 4366 ||| UPGRADING to amulet of regeneration.
  4371 | D:4      | 4371 ||| READING scroll labelled YLIOLOTYCE.
  4372 | D:4      | 4372 ||| READING 2 scrolls of identify.
  4372 | D:4      | 4372 ||| IDENTIFYING murky emerald potion
  4405 | D:5      | Entered Level 5 of the Dungeon
  4409 | D:5      | 4409 ||| Stepping ~*~*~tactically~*~*~ (stealth).
  4410 | D:5      | 4410 ||| Stepping ~*~*~tactically~*~*~ (stealth).
  4459 | D:5      | 4459 ||| Stepping ~*~*~tactically~*~*~ (hiding).
  4612 | D:5      | Reached skill level 7 in Axes
  4713 | D:5      | 4713 ||| Stepping ~*~*~tactically~*~*~ (hiding).
  4740 | D:5      | Identified the +2 robe of Joy {Drain rPois MP+9 Str+4}
  4747 | D:5      | 4747 ||| READING scroll of enchant armour.
  4747 | D:5      | 4747 ||| ENCHANTING +0 pair of gloves.
  4783 | D:5      | Reached XP level 8. HP: 36/50 MP: 7/7
  5089 | D:5      | 5089 ||| Stepping ~*~*~tactically~*~*~ (hiding).
  5100 | D:5      | 5100 ||| FLEEEEING.
  5183 | D:5      | 5183 ||| Stepping ~*~*~tactically~*~*~ (stealth).
  5185 | D:5      | 5185 ||| Stepping ~*~*~tactically~*~*~ (hiding).
  5203 | D:5      | Found a shimmering altar of Xom.
  5211 | D:5      | 5211 ||| UPGRADING to +3 chain mail.
  5221 | D:5      | 5221 ||| DROPPING +0 chain mail.
  5305 | D:6      | 5305 ||| Stepping ~*~*~tactically~*~*~ (stealth).
  5309 | D:6      | 5309 ||| Stepping ~*~*~tactically~*~*~ (hiding).
  5320 | D:6      | Reached skill level 1 in Throwing
  5389 | D:6      | Reached skill level 8 in Axes
  5413 | D:6      | 5413 ||| Stepping ~*~*~tactically~*~*~ (stealth).
  5424 | D:6      | Reached skill level 6 in Fighting
  5461 | D:6      | 5461 ||| Stepping ~*~*~tactically~*~*~ (stealth).
  5472 | D:6      | 5472 ||| Stepping ~*~*~tactically~*~*~ (stealth).
  5595 | D:6      | 5595 ||| Stepping ~*~*~tactically~*~*~ (stealth).
  5597 | D:6      | 5597 ||| Stepping ~*~*~tactically~*~*~ (stealth).
  5600 | D:6      | 5600 ||| Stepping ~*~*~tactically~*~*~ (stealth).
  5607 | D:6      | 5607 ||| Stepping ~*~*~tactically~*~*~ (stealth).
  5958 | D:6      | 5958 ||| DROPPING ring of flight.
  5959 | D:6      | 5959 ||| READING scroll labelled EDAIS QULUCAU.
  5960 | D:6      | 5960 ||| READING 6 scrolls of identify.
  5960 | D:6      | 5960 ||| IDENTIFYING amethyst potion
  5961 | D:6      | 5961 ||| READING 5 scrolls of identify.
  5961 | D:6      | 5961 ||| IDENTIFYING fizzy orange potion
  5962 | D:6      | 5962 ||| READING 4 scrolls of identify.
  5962 | D:6      | 5962 ||| IDENTIFYING metallic black potion
  5963 | D:6      | 5963 ||| DROPPING potion of berserk rage.
  6037 | D:7      | Reached XP level 9. HP: 49/55 MP: 8/8
  6039 | D:7      | Reached skill level 9 in Axes
  6099 | D:7      | 6099 ||| Stepping ~*~*~tactically~*~*~ (hiding).
  6100 | D:7      | 6100 ||| Stepping ~*~*~tactically~*~*~ (hiding).
  6187 | D:7      | Found a staircase to the Ecumenical Temple.
  6188 | D:7      | 6188 ||| PLANNING TEMPLE
  6188 | D:7      | 6188 ||| UPGRADING to +0 plate armour.
  6198 | D:7      | 6198 ||| DROPPING +3 chain mail.
  6199 | D:7      | 6199 ||| READING scroll labelled EVVAOXUNER.
  6216 | Temple   | Entered the Ecumenical Temple
  6231 | Temple   | 6231 ||| PLANNING OKAWARU WORSHIP
  6288 | Temple   | Became a worshipper of Warmaster Okawaru
  6289 | Temple   | 6289 ||| PLANNING D:1-11
  6301 | D:7      | 6301 ||| Stepping ~*~*~tactically~*~*~ (stealth).
  6308 | D:7      | 6308 ||| Stepping ~*~*~tactically~*~*~ (stealth).
  6653 | D:7      | 6653 ||| DRINKING 3 cyan potions.
  6654 | D:7      | 6654 ||| DROPPING 2 potions of degeneration.
  6714 | D:8      | Found a staircase to the Lair.
  6746 | D:8      | Noticed Joseph
  6747 | D:8      | Found Joudok's Antique Armour Emporium.
  6757 | D:8      | 6757 ||| FLEEEEING.
  6758 | D:8      | 6758 ||| FLEEEEING.
  6759 | D:8      | 6759 ||| FLEEEEING.
  6763 | D:8      | HP: 12/57 [lava snake/glob of lava (14)]
  6763 | D:8      | Shot with a sling bullet by Joseph

Levels and vault maps discovered:
D:1:      beargit_arrival_diablo_church, layout_basic,
          hangedman_abyss_or_decor_stabs, minivault_11, minmay_misc_feat_x,
          minmay_misc_feat_secret_circle
D:2:      layout_rooms, basic_altar,
          hellmonk_ecumenical_altar_pennies_from_heaven
D:3:      layout_basic, uniq_sigmund, uniq_terence, uniq_crazy_yiuf_cottage
D:4:      layout_basic, mainiacjoe_overflow_six_doors_small,
          minmay_ruined_shrine, uniq_edmund
D:5:      layout_basic, tgw_xom
D:6:      layout_basic
D:7:      layout_basic, minmay_temple_entry_mist, serial_bayou_pond_b
D:8:      layout_cave_pools, bloody_trog, mainiacjoe_overflow_catwalk_spiral,
          lair_entry_dummy, serial_shops, nicolae_inconvenience_store,
          grunt_decor_arrowhead, minmay_crystal_room, dk_noncrumbling_3,
          uniq_joseph
Temple:   eino_temple_lava

Skill      XL: |  1  2  3  4  5  6  7  8  9 |
---------------+----------------------------+-----
Axes           | 2 3 4 6 7 8 9 |  9.0
Dodging        | 1 2 |  2.0
Fighting       | 4 5 6 7 |  7.0
Throwing       | 1 |  1.9
Armour         | 4 5 |  5.1
Shields        | 4 |  4.0

Action                   |  1- 3 |  4- 6 |  7- 9 || total
-------------------------+-------+-------+-------++-------
Melee: War axe           |    95 |   173 |   289 ||   557
Throw: Boomerang         |       |       |    20 ||    20
  Use: Scroll            |     2 |     8 |     8 ||    18
       Potion            |       |     7 |     1 ||     8
Armor: Scale mail        |    58 |    42 |       ||   100
       Chain mail        |       |    30 |   157 ||   187
       Plate armour      |       |       |    30 ||    30
Dodge: Dodged            |    43 |    64 |   101 ||   208
Block: Buckler           |    13 |    50 |   101 ||   164

Table legend:
 A = Non-vault XP
 B = Vault XP
 C = Vault XP percentage of total XP
 D = Non-vault monster count
 E = Vault monster count
 F = Vault count percentage of total count
                 A         B        C        D         E       F
            +---------+---------+-------+---------+---------+-------
      Total |    2813 |     611 |  17.8 |     130 |      21 |  13.9
            +---------+---------+-------+---------+---------+-------
        D:1 |      52 |       0 |   0.0 |      28 |       0 |   0.0
        D:2 |      76 |       0 |   0.0 |      17 |       0 |   0.0
        D:3 |      94 |     293 |  75.7 |      21 |       8 |  27.6
        D:4 |     154 |     173 |  52.9 |      11 |       4 |  26.7
        D:5 |     499 |      27 |   5.1 |      13 |       7 |  35.0
        D:6 |     819 |       0 |   0.0 |      18 |       0 |   0.0
        D:7 |    1072 |     118 |   9.9 |      21 |       2 |   8.7
        D:8 |      47 |       0 |   0.0 |       1 |       0 |   0.0
            +---------+---------+-------+---------+---------+-------
